[Event "2nd Serbia Open Masters 2022"]
[Site "Novi Sad"]
[Date "2022.06.28"]
[Round "1.18"]
[White "Peycheva, Gergana"]
[Black "Ivanisevic, Ivan"]
[Result "1/2-1/2"]
[ECO "D35"]
[WhiteElo "2295"]
[BlackElo "2550"]
[Annotator "TA"]
[PlyCount "140"]
[EventDate "2022.06.28"]
[EventType "swiss"]
[EventCountry "SRB"]
[SourceTitle "playchess.com"]
[Source "ChessBase"]
[SourceQuality "1"]
[TimeControl "40/5400+30:900+30"]

1. d4 Nf6 2. c4 e6 3. Nc3 d5 4. cxd5 exd5 5. Bg5 c6 6. e3 Nbd7 7. Bd3 Be7 8. Nge2 Nf8 9. O-O {[%emt 0:02:58] D35: Queen's Gambit Declined: Exchange Variation.} Ne6 10. Bh4 O-O 11. f3 $1 {[%emt 0:05:13][%mdl 4] White has an edge. is more profitable than 11.Qc2 at the moment.} b6 {[%emt 0:05:15] [#]} 12. Re1 $146 ({Predecessor:} 12. Qc2 g6 13. Rad1 Bb7 14. Kh1 Nh5 15. Bf2 f5 16. e4 fxe4 17. fxe4 Nhf4 18. Nxf4 Nxf4 19. exd5 Nxd3 20. Qxd3 cxd5 21. Bg3 {½-½ (30) Nihal,S (2620)-Sjugirov,S (2661) Krasnaya Polyana 2021}) 12... g6 13. Qd2 Bb7 14. Rad1 Rc8 15. Bc2 b5 16. Bf2 Nh5 17. Ng3 Nxg3 18. Bxg3 b4 19. Ne2 c5 20. dxc5 Bxc5 21. Bb3 Re8 22. Bf2 Qb6 23. Nd4 Nxd4 24. exd4 Bf8 25. Rxe8 Rxe8 26. Re1 Rxe1+ 27. Qxe1 Bc6 28. Qe3 a5 29. h4 a4 30. Bc2 Bb5 31. h5 (31. Bg3 $11 {deserves consideration.}) 31... Qc7 $15 32. Qd2 {[%emt 0:04:23] [#]} Qc4 (32... Bd6 $1 $17 {With the idea ...a3.} 33. Qd1 gxh5) 33. b3 {[%emt 0:02:18] The position is equal.} Qf1+ 34. Kh2 a3 35. Bg3 Qe2 36. Qxe2 Bxe2 37. hxg6 fxg6 $11 {[%emt 0:03:17][%mdl 4096] Endgame KBB-KBB} 38. Kg1 Kf7 39. Kf2 Bb5 40. Ke3 h5 41. Bd3 Bxd3 42. Kxd3 {[%emt 0:00:27] KB-KB} Ke6 43. Bc7 Kf5 44. Ke3 Bh6+ 45. Ke2 $1 {[%emt 0:01:14] [#] aiming for Bd6.} Bf4 {[%emt 0:05:35] Inhibits Bd6.} 46. Bb6 Bd6 47. Ke3 {[%emt 0:00:55] Threatens to win with Bc5.} g5 48. Bc5 Bxc5 49. dxc5 {[%emt 0:00:06] KP-KP} Ke5 50. Kd3 h4 51. Ke3 d4+ 52. Kd3 {[%emt 0:00:05] White wants to mate with c6.} Kd5 53. c6 $1 Kxc6 54. Kxd4 Kd6 55. Kc4 Ke5 56. Kxb4 Kf4 57. Kxa3 Kg3 58. b4 $1 (58. f4 gxf4 59. b4 f3 60. gxf3 h3 61. b5 h2 62. Kb3 h1=Q 63. Kc4 Qa1 64. b6 Qxa2+ 65. Kb5 Qa8 66. Kc4 Kxf3 67. Kd4 Qc6 68. b7 Qxb7 69. Kc5 Ke4 70. Kd6 Qd5+ 71. Kc7 Ke5 72. Kc8 Kd6 73. Kb8 Qb3+ 74. Ka7 Kc6 75. Ka8 Qb7#) 58... Kxg2 {[%emt 0:00:07] K3P-KPP} 59. b5 h3 (59... Kxf3 $2 60. b6 g4 61. b7 $18) 60. b6 h2 (60... Kxf3 $2 61. b7 g4 62. b8=Q $18) 61. b7 h1=Q (61... Kxf3 62. b8=Q Kg2 63. Qb2+ Kg3 64. Qb7 Kh3 65. Kb4 g4 66. a4) 62. b8=Q {[%emt 0:00:07] Prevents Qb1. KQ-KQ} Qd1 63. Qb2+ Kxf3 64. Qf6+ Kg4 {[%emt 0:00:08] ( -> ...Qf3+)} 65. Kb2 Qe2+ 66. Kb3 Qe3+ 67. Kb2 Kg3 68. Qc3 Kf2 69. Qxe3+ Kxe3 70. a4 $1 {[%emt 0:00:01] White threatens a5 and mate.} Kd4 {[%emt 0:01:02] Weighted Error Value: White=0.05 (flawless) /Black=0.05 (flawless)} (70... g4 $5 71. a5 Kf4 $11) 1/2-1/2

[Event "2nd Serbia Open Masters 2022"]
[Site "Novi Sad"]
[Date "2022.06.28"]
[Round "1.19"]
[White "Harsha Bharathakoti"]
[Black "Alexiadis, Hristos"]
[Result "1-0"]
[ECO "D45"]
[WhiteElo "2547"]
[BlackElo "2291"]
[Annotator "TA"]
[PlyCount "65"]
[EventDate "2022.06.28"]
[EventType "swiss"]
[EventCountry "SRB"]
[SourceTitle "playchess.com"]
[Source "ChessBase"]
[SourceQuality "1"]
[TimeControl "40/5400+30:900+30"]

1. d4 d5 2. c4 c6 3. Nf3 Nf6 4. Nc3 e6 5. e3 Nbd7 6. Qc2 Bd6 7. b3 O-O 8. Be2 b6 9. O-O Bb7 10. Bb2 Rc8 11. Rad1 $1 {[%emt 0:09:58] 11.Rad1 scores better than 11.e4. D45: Semi-Slav: 5 e3.} Qe7 12. Rfe1 c5 13. cxd5 {[%emt 0:06:06] The position is equal.} Nxd5 14. Nxd5 Bxd5 {[%emt 0:00:08] [#]} (14... exd5 $11 {remains equal.} 15. Bb5 a6) 15. e4 $1 $16 Bb7 (15... cxd4 $2 16. Qd3 e5 17. exd5) 16. d5 {[%emt 0:00:49] aiming for dxe6.} e5 {[%emt 0:00:38] [#]} 17. Nd2 $146 ({Predecessor:} 17. Bc4 a6 18. a4 Rfd8 19. g3 g6 20. Nh4 Nf6 21. Qe2 Ra8 22. f4 Ne8 23. Nf3 exf4 {1-0 (34) Matveeva,S (2379)-Zakurdjaeva,I (2280) St Petersburg 2010}) 17... Rcd8 18. Nc4 Bc8 19. a4 {[%emt 0:04:25][%cal Ba2a4,Ba4a5][%mdl 32] White is more active.} g6 20. Qc3 Rfe8 21. a5 Ba6 (21... Bb8 $142 22. axb6 axb6) 22. Nxd6 $18 Bxe2 23. Nxf7 ({Less strong is} 23. Rxe2 Qxd6 24. f3 Rb8 $16) 23... Bxd1 24. Nxd8 Qxd8 25. Rxd1 Qh4 26. Qc4 bxa5 27. f3 Qg5 28. Bc1 Qe7 29. Bd2 Nb6 30. Qb5 c4 31. Bxa5 cxb3 32. Bxb6 axb6 33. Qxb6 {[%emt 0:00:18] White took control after the opening.  Weighted Error Value: White=0.06 (flawless) /Black=0.29 (precise)} ({Resist} 33. Qxb3 Qc5+ 34. Kh1 Kf8) 1-0

[Event "2nd Serbia Open Masters 2022"]
[Site "Novi Sad"]
[Date "2022.06.28"]
[Round "1.20"]
[White "Omorjan, Dejan"]
[Black "Perunovic, Milos"]
[Result "0-1"]
[ECO "D45"]
[WhiteElo "2339"]
[BlackElo "2544"]
[Annotator "TA"]
[PlyCount "70"]
[EventDate "2022.06.28"]
[EventType "swiss"]
[EventCountry "SRB"]
[SourceTitle "playchess.com"]
[Source "ChessBase"]
[SourceQuality "1"]
[TimeControl "40/5400+30:900+30"]

1. d4 Nf6 2. Nf3 e6 3. c4 d5 4. Nc3 c6 5. e3 Nbd7 6. Qc2 Bd6 7. b3 O-O 8. Be2 b6 9. O-O Bb7 10. Bb2 Qe7 11. a4 a5 12. Rac1 {[%emt 0:03:29] D45: Semi-Slav: 5 e3.} Rac8 13. Qb1 Rfe8 14. Rfd1 {[%emt 0:00:47] [#] The position is equal.} Bb8 $146 ({Predecessor:} 14... h6 15. h3 Qf8 16. Qa1 Qe7 17. Qb1 Qf8 18. Qa1 Qe7 19. Qb1 {½-½ (19) Azarov,S (2570)-Checa,N (2485) Philadelphia 2018}) 15. Re1 c5 16. Ba3 Ne4 17. cxd5 exd5 18. Bb5 Red8 19. Ne2 Ndf6 20. Nf4 Ng4 21. Nd3 (21. Rc2 $11 {is superior.}) 21... Ng5 $15 {[%emt 0:22:34] aiming for ...Nxf3+.} 22. Nde5 Nxe5 23. Nxe5 Qe6 24. Bd3 (24. f4 $1 $11 {remains equal.} Ne4 25. Nf3) 24... g6 (24... Bxe5 $17 25. dxe5 d4) 25. f3 $11 Bxe5 26. dxe5 d4 ({Much less strong is} 26... Qxe5 27. f4 Nh3+ 28. gxh3 $16) 27. h4 $2 {[%emt 0:16:57][%mdl 8192] [#] This costs White the game.} (27. Qb2 $11) 27... Nxf3+ $1 $19 28. gxf3 Bxf3 29. Kf2 Qg4 30. Rg1 {[%emt 0:00:51] Prevents Qg2+.} dxe3+ 31. Kxe3 Qh3 32. Kf2 {[%emt 0:01:15] [#]} Be4 $1 {[%emt 0:01:02][%mdl 512] ( -> ...Qf3+)} 33. Bxe4 (33. Be2 Qh2+) 33... Rd2+ {[%emt 0:00:06] Black mates.} 34. Ke1 Qe3+ 35. Kf1 Qf2# {[%emt 0:00:05] Weighted Error Value: White=0.98/Black=0.07 (flawless)} 0-1

[Event "2nd Serbia Open Masters 2022"]
[Site "Novi Sad"]
[Date "2022.06.28"]
[Round "1.21"]
[White "Suleymanli, Aydin"]
[Black "Milosevic, Milos"]
[Result "1/2-1/2"]
[ECO "E73"]
[WhiteElo "2537"]
[BlackElo "2288"]
[Annotator "TA"]
[PlyCount "93"]
[EventDate "2022.06.28"]
[EventType "swiss"]
[EventCountry "SRB"]
[SourceTitle "playchess.com"]
[Source "ChessBase"]
[SourceQuality "1"]
[TimeControl "40/5400+30:900+30"]

1. d4 Nf6 2. c4 g6 3. h4 Bg7 4. Nc3 c5 5. d5 O-O 6. e4 d6 7. Be2 e6 8. h5 exd5 {[%emt 0:01:28] E73: King's Indian: Averbakh Variation without 6...c5.} 9. exd5 Re8 10. h6 Bh8 11. Kf1 {[%emt 0:00:20] [#]} Ne4 $146 ({Predecessor:} 11... a6 12. a4 Ne4 13. Nxe4 Rxe4 14. Qc2 Re8 15. Nf3 Nd7 16. Bg5 Qb6 17. a5 Qxb2 18. Qxb2 Bxb2 {1-0 (90) Giri,A (2764)-Albornoz Cabrera,C (2573) Chess.com INT 2020}) 12. Nxe4 Rxe4 13. Bd3 Re8 14. Rb1 $1 Nd7 {[%emt 0:04:16] White should prevent ...Ne5.} 15. Nf3 b5 16. b3 bxc4 17. bxc4 Qa5 18. Qc2 Qc3 19. Qd1 Qa5 20. Rb3 Qa4 21. g3 Rb8 22. Kg2 Rb6 {[%emt 0:05:33] [#]} (22... Rxb3 $1 $14 23. Qxb3 (23. axb3 Qb4 $14) 23... Nb6) 23. Re1 (23. Bxg6 $1 $18 Ne5 24. Nxe5 fxg6 {[#]} 25. Nxg6 $1 Qxc4 26. Re1) 23... Ne5 $14 24. Nxe5 Bxe5 25. Qf3 (25. Bb2 $14) 25... f5 (25... Qxa2 $2 26. Rxb6 Qa1 27. Rxd6 $18) (25... Rxb3 $2 26. Rxe5 f5 27. axb3 $18) (25... Qd7 $11) 26. Qe2 $16 Rf8 $2 (26... Rxb3 $2 27. axb3 Qxb3 28. f4 $18) (26... Kf8 $16) 27. f4 (27. Bf4 $18 {has better winning chances.}) 27... Bf6 28. Ra3 Qd7 29. Qc2 Bd4 (29... Qf7 $11 {remains equal.}) 30. Bf1 ({White should try} 30. Rb3 $16) 30... a6 31. Rb3 Rxb3 32. Qxb3 Re8 33. Rxe8+ Qxe8 34. Bd2 {[%emt 0:02:50] Prevents Qe1.} (34. Bb2 $5 ) 34... Qe4+ 35. Kh2 Qe7 36. Qb8 Qd7 37. Bd3 Kf7 38. Kg2 Ke7 39. Qb1 Kf7 {[%emt 0:01:29] The position is equal.} 40. Qc2 Qe7 41. Bc3 Qe3 {[%emt 0:06:26] And now ...Qg1+ would win.} 42. Bxd4 Qxd4 43. Be2 Bd7 44. Qb3 Qd2 45. Kf2 Qd4+ 46. Kf1 Ke7 47. Bf3 {[%emt 0:00:00] Weighted Error Value: White=0.18 (very precise) /Black=0.23 (precise)} (47. Qb8 $11 {keeps the balance.}) 1/2-1/2

[Event "2nd Serbia Open Masters 2022"]
[Site "Novi Sad"]
[Date "2022.06.28"]
[Round "1.23"]
[White "Zanan, Evgeny"]
[Black "Zemlyanskii, Ivan"]
[Result "1-0"]
[ECO "B30"]
[WhiteElo "2534"]
[BlackElo "2286"]
[Annotator "TA"]
[PlyCount "81"]
[EventDate "2022.06.28"]
[EventType "swiss"]
[EventCountry "SRB"]
[SourceTitle "playchess.com"]
[Source "ChessBase"]
[SourceQuality "1"]
[TimeControl "40/5400+30:900+30"]

1. e4 c5 2. Nf3 e6 3. Nc3 Nc6 4. Bb5 Nge7 5. O-O a6 6. Bxc6 Nxc6 7. d4 cxd4 8. Nxd4 Be7 9. Nxc6 bxc6 10. e5 {[%emt 0:00:44] B30: Sicilian: 2...Nc6 3 Bb5, lines without ...g6.} O-O 11. Ne4 f6 12. Bf4 {[%emt 0:09:04] The position is equal.} fxe5 13. Bxe5 d5 {[%emt 1:22:25] [#] aiming for ...Rf5.} 14. Qg4 Rf7 15. Nd2 {[%emt 0:00:38] [#]} Bf6 $146 ({Predecessor:} 15... Bd6 16. Nf3 Qc7 17. Rfe1 c5 18. Qg3 Bxe5 19. Rxe5 Bd7 20. Ng5 Rf5 21. Rae1 Rxe5 22. Rxe5 {½-½ (56) Heberla,B (2506)-Zurkowski,A (2109) Wroclaw 2008}) 16. Nf3 Kh8 17. Rfe1 Qf8 18. Re3 {[%emt 0:08:17] 0x0.0017639ed623dp-1022s more active pieces. White stays focused until the end.} Bxe5 (18... Kg8 $142) 19. Nxe5 $16 (19. Rxe5 $6 Rf6 $14) 19... Rf5 20. Qh4 Rf6 {[%emt 0:00:00] Against Ng6+} 21. Nxc6 $40 {[%emt 0:09:50][%mdl 128] White goes for the king.} ({Resist} 21. Rh3 $6 h6 $16) 21... Rf4 22. Qg3 Bb7 23. Rxe6 d4 24. Rae1 {[%emt 0:02:53][%cal Og3f4] Threatens to win with Qxf4!} Bxc6 25. Rxc6 Qf5 (25... Qb4 {was worth a try.} 26. Rd1 Re4) 26. Rc7 $18 {[%emt 0:04:14][%csl Gc7][%cal Rg3g7] [#]} Rg4 27. Qe5 Qg6 28. g3 {[%emt 0:00:28] Black must now prevent Qc5.} Rg5 29. Qxd4 Rf8 30. Rc5 {[%emt 0:05:06][%cal Od4f4] Qf4! is the strong threat.} Rg4 {[%emt 0:00:28] Against Qf4} 31. Qd5 Rb4 32. Rc6 Qg4 33. b3 Rd4 34. Qc5 Rdd8 35. Rce6 h6 36. R6e4 Qf3 37. Qe3 Qf5 38. c4 {[%emt 0:00:46] White is clearly winning.} Qa5 39. Re2 Qh5 40. Kg2 Qf7 41. Rf4 {[%emt 0:04:06] Weighted Error Value: White=0.12 (very precise) /Black=0.30} 1-0

[Event "2nd Serbia Open Masters 2022"]
[Site "Novi Sad"]
[Date "2022.06.28"]
[Round "1.24"]
[White "Marn, Jan"]
[Black "Budisavljevic, Luka"]
[Result "1/2-1/2"]
[ECO "A84"]
[WhiteElo "2282"]
[BlackElo "2507"]
[Annotator "TA"]
[PlyCount "87"]
[EventDate "2022.06.28"]
[EventType "swiss"]
[EventCountry "SRB"]
[SourceTitle "playchess.com"]
[Source "ChessBase"]
[SourceQuality "1"]
[TimeControl "40/5400+30:900+30"]

1. d4 e6 2. c4 b6 3. Nc3 Bb4 4. Nf3 Bb7 5. Bd2 f5 6. g3 Nf6 7. Bg2 O-O 8. O-O a5 9. a3 {[%emt 0:18:48] A84: Dutch Defence: 2 c4 Miscellaneous.} Bxc3 10. Bxc3 Ne4 11. Qd3 {[%emt 0:04:49] [#]} a4 $146 ({Predecessor:} 11... d5 12. cxd5 Bxd5 13. Rac1 Nd7 14. Nd2 Ndf6 15. f3 Nxc3 16. Rxc3 Rb8 17. Rfc1 c5 18. dxc5 bxc5 {½-½ (36) Wegelin,R (2370)-Girard,E (2404) ICCF email 2012}) 12. Nd2 d5 13. Nxe4 dxe4 14. Qc2 Nd7 15. Rfd1 Qe8 16. Bb4 c5 17. dxc5 bxc5 18. Bc3 e5 19. Rd6 Ra7 20. Rad1 {[%emt 0:00:55] White is more active.} Nf6 21. e3 Ba8 22. Qd2 Qe7 (22... Bc6 $16) 23. Rd8 (23. Bf1 $18 {is more deadly.}) 23... Bc6 24. Rxf8+ Kxf8 25. Qd6 Rd7 26. Bxe5 Ne8 {[%emt 0:04:37][%mdl 64] [#] Pin} (26... Rxd6 $2 27. Bxd6 g6 28. Bxe7+ $18) 27. Qxe7+ Kxe7 28. Rxd7+ Kxd7 $16 {[%emt 0:00:02][%mdl 4096] Endgame KBB-KBN} 29. Kf1 Ke6 30. Bc3 g5 31. Ke1 Nd6 32. Bf1 Bb7 33. Be2 g4 34. Bg7 Ke7 35. Bd1 Bc6 36. b3 axb3 37. Bxb3 Nf7 38. a4 Bb7 39. a5 (39. Kd2 $14) 39... Ba6 $1 $11 {[%emt 0:00:14] The position is equal.} 40. Bb2 Nd6 41. Be5 Nxc4 42. Bxc4 Bxc4 43. Kd2 Ke6 44. Bg7 {[%emt 0:00:06] Weighted Error Value: White=0.10 (very precise) /Black=0.08 (flawless)} 1/2-1/2

[Event "2nd Serbia Open Masters 2022"]
[Site "Novi Sad"]
[Date "2022.06.28"]
[Round "1.25"]
[White "Ferreira, Jorge Viterbo"]
[Black "Mitev, Valentin"]
[Result "1-0"]
[ECO "A36"]
[WhiteElo "2512"]
[BlackElo "2281"]
[Annotator "TA"]
[PlyCount "83"]
[EventDate "2022.06.28"]
[EventType "swiss"]
[EventCountry "SRB"]
[SourceTitle "playchess.com"]
[Source "ChessBase"]
[SourceQuality "1"]
[TimeControl "40/5400+30:900+30"]

1. c4 c5 2. g3 Nc6 3. Bg2 g6 4. Nc3 Bg7 5. a3 b6 6. e3 {[%emt 0:02:09][%cal Be2e3,Be3e4][%mdl 32] A36: Symmetrical English vs ...g6: 4 Bg2 Bg7.} Bb7 7. Nge2 e5 (7... e6 $11 {is more appropriate.}) 8. d4 $14 {[%emt 0:05:57] [#] White is slightly better.} d6 $146 ({Predecessor:} 8... cxd4 9. exd4 d6 10. Qa4 Qd7 11. dxe5 dxe5 12. Bg5 Na5 13. Nb5 Kf8 14. Qb4+ Ne7 15. Rd1 Qe6 16. Nc7 {1-0 (16) Kaid,A (2260)-Wanner,L (2107) Germany 2020}) 9. d5 Nce7 10. e4 h5 11. h3 Nf6 12. Be3 Nd7 13. Qd2 a6 14. a4 Ng8 15. O-O Bh6 16. f4 h4 17. g4 {[%emt 0:01:10] White is more active.} exf4 18. Nxf4 (18. Bxf4 $16 {aiming for g5.} Ne5 19. g5) 18... Ne5 19. b3 Nf6 20. Nd1 (20. Rf2 {with more complications.} O-O 21. Nh5 Nfxg4 22. Bxh6 Nxf2 23. Nf4) 20... Nfd7 21. Nb2 Qe7 22. a5 (22. Rae1 $14) 22... b5 (22... bxa5 $11 23. Nbd3 O-O) 23. b4 ({Better is} 23. Rf2 $14) 23... bxc4 (23... cxb4 $1 $15 24. Qxb4 O-O) 24. Rac1 (24. bxc5 $14 Nxc5 25. Bxc5 dxc5 26. Rac1) 24... O-O (24... cxb4 $11 {remains equal.} 25. Qxb4 O-O) 25. bxc5 $16 Nxc5 26. Bxc5 dxc5 (26... c3 $2 {[#]} 27. Rxc3 $1 (27. Qxc3 dxc5 28. Qxc5 Qxc5+ 29. Rxc5 Rac8 $14) 27... Bxf4 28. Qxf4 $18) 27. Nxg6 $1 {[%emt 0:00:54][%mdl 64] [#] Discovered Attack} (27. Nxc4 Nxc4 28. Rxc4 Rfe8) 27... fxg6 (27... Bxd2 $16 {might work better.} 28. Nxe7+ Kg7) 28. Qxh6 $18 {[%emt 0:00:07] The board is on fire.} Rxf1+ 29. Rxf1 {[%emt 0:03:09][%cal Ob2c4] Threatens to win with Nxc4!} (29. Bxf1 Nf3+ 30. Kf2 (30. Kg2 $2 Qxe4 31. Kf2 Rf8 $19) 30... Qxe4 $15) 29... Rf8 30. Rxf8+ ({Worse is} 30. Nxc4 Nxc4 31. Rxf8+ (31. Qxg6+ Qg7 $11) 31... Qxf8 $11) (30. Qxf8+ $18 Qxf8 31. Rxf8+ Kxf8 32. Na4) 30... Qxf8 $16 31. Qe3 ({Avoid the trap} 31. Qxh4 $2 c3 32. Nc4 Nxc4 $19) (31. Qxf8+ $16 Kxf8 32. Na4) 31... Qd6 (31... Qf6 $1 $14) 32. Qc3 Qf6 $2 {[%emt 0:01:07][%mdl 8192] This costs Black the game.} (32... Qc7 $16 {is more resistant.} 33. Bf1 (33. Nxc4 Nxc4 34. Qxc4 Qxa5 $16) 33... Qe7 34. Nxc4 Nxc4) 33. Nxc4 $18 {[%emt 0:00:38] White is clearly winning.} Nxg4 34. Qxf6 Nxf6 {[%emt 0:00:03][%mdl 4096] Endgame KBN-KBN} 35. Nd6 Ba8 36. Bf1 Kf8 37. Bxa6 Nd7 38. Bb5 Ne5 39. a6 Nf3+ 40. Kf2 Nd4 41. Bc4 Ke7 42. Nc8+ {[%emt 0:00:00] Weighted Error Value: White=0.24 (precise) /Black=0.57} 1-0

[Event "2nd Serbia Open Masters 2022"]
[Site "Novi Sad"]
[Date "2022.06.28"]
[Round "1.26"]
[White "Arpita, Mukherjee"]
[Black "Muradli, Mahammad"]
[Result "1-0"]
[ECO "B52"]
[WhiteElo "2275"]
[BlackElo "2539"]
[Annotator "TA"]
[PlyCount "55"]
[EventDate "2022.06.28"]
[EventType "swiss"]
[EventCountry "SRB"]
[SourceTitle "playchess.com"]
[Source "ChessBase"]
[SourceQuality "1"]
[TimeControl "40/5400+30:900+30"]

1. e4 c5 2. Nf3 d6 3. Bb5+ Bd7 4. Bxd7+ Nxd7 5. O-O Ngf6 6. Re1 e6 7. d4 cxd4 8. Nxd4 $1 {[%emt 0:00:12] 8.Nxd4 scores better than 8.Qxd4.} Rc8 {[%emt 0:04:51] B52: Sicilian: Moscow Variation with 3...Bd7.} 9. b3 {[%emt 0:01:09] [#]} Nc5 $146 ({Predecessor:} 9... Be7 10. c4 O-O 11. Nc3 a6 12. Bb2 Qa5 13. Qe2 Ne5 14. a4 Nc6 15. Nc2 Qb6 16. Rab1 {1-0 (38) Pranav,V (2493)-Aronyak,G (2482) Chess.com INT 2022}) 10. f3 d5 {[%emt 0:02:57][%cal Rd5e4] The position is equal.} 11. e5 Nfd7 12. Bb2 Be7 13. Nd2 Qb6 {[%emt 0:20:45] White should prevent ...0-0.} 14. a4 $1 Na6 15. Kh1 Nb4 16. f4 g6 {[%emt 0:02:23] Prevents f5.} 17. N2f3 O-O 18. Qd2 Nc6 19. f5 $36 {[%emt 0:03:34][%mdl 2048] White has the initiative.} exf5 (19... gxf5 $11 {and Black is okay.} 20. Nb5 Nc5) 20. e6 $18 Nf6 {[%emt 0:02:06] [#]} 21. Nxf5 $1 fxe6 (21... Ng4 22. Nxe7+) 22. Nh6+ {[%emt 0:00:10][%mdl 64] Zwischenzug} Kh8 23. Rxe6 {[%emt 0:00:19] And now Qxd5 would win.} d4 24. Ne5 ({Not} 24. Bxd4 Rcd8 25. Bxb6 Rxd2 26. Nxd2 axb6 $18) (24. Nxd4 $142 Qd8 25. Rf1) 24... Bb4 $2 (24... Qb4 25. Qe2 Nxe5) 25. Qg5 {[%emt 0:07:34] White is clearly winning.} Be7 26. Nxc6 Rxc6 27. Rxe7 {[%emt 0:00:33] [#] Rf1 is the strong threat.} Rxc2 28. a5 {[%emt 0:05:22] Weighted Error Value: White=0.17 (very precise) /Black=0.45} 1-0

[Event "2nd Serbia Open Masters 2022"]
[Site "Novi Sad"]
[Date "2022.06.28"]
[Round "1.27"]
[White "Petkov, Momchil"]
[Black "Gajcin, Marina"]
[Result "1-0"]
[ECO "B31"]
[WhiteElo "2494"]
[BlackElo "2281"]
[Annotator "TA"]
[PlyCount "99"]
[EventDate "2022.06.28"]
[EventType "swiss"]
[EventCountry "SRB"]
[SourceTitle "playchess.com"]
[Source "ChessBase"]
[SourceQuality "1"]
[TimeControl "40/5400+30:900+30"]

1. e4 c5 2. Nf3 Nc6 3. Bb5 g6 4. O-O Bg7 5. c3 Nf6 6. Re1 O-O 7. d4 cxd4 8. cxd4 d5 9. e5 Ne4 10. Be3 {[%emt 0:00:41] B31: Sicilian: 2...Nc6 3 Bb5 g6.} Qb6 11. Qe2 a6 {[%emt 0:10:47] [#]} 12. Ba4 $146 {[%emt 0:02:51][%cal Bb5a4,Ba4c2,Bc2d3][%mdl 32] The position is equal.} ({Predecessor:} 12. Bxc6 bxc6 13. Nc3 Nxc3 14. bxc3 a5 15. Bc1 c5 16. Ba3 cxd4 17. Nxd4 Ba6 18. Qf3 {1-0 (35) Henriquez Villagra,C (2583)-Buksa,N (2173) Riga 2021}) 12... Na5 13. Nc3 Nxc3 14. bxc3 Qc7 15. Rac1 Bd7 16. Bc2 Nc4 17. Bf4 Rad8 18. Bd3 Qc8 19. Qc2 Bb5 20. Qe2 Bd7 21. Nh4 Bg4 22. Qc2 Bd7 23. Bg3 Bh6 24. f4 Qc6 25. Qe2 f5 26. Nf3 e6 27. h4 ({Better is} 27. Rb1 $11) 27... Be8 28. Ng5 Bg7 29. h5 gxh5 30. Bh4 {[%emt 0:00:25][%cal Og5e6] [#] Hoping for Nxe6!} Rd7 31. Ra1 Bg6 32. a4 Na5 33. Reb1 Re8 (33... Rc8 $15) 34. Be1 Rc7 35. Ra2 Bf8 36. Rab2 Nc4 (36... Qxa4 $2 37. Ra2 Qd7 38. Rxa5 $18) (36... Qd7 $15 {stays ahead.}) 37. Bxc4 $16 dxc4 38. Rb6 Qd7 39. Qf3 {[%emt 0:00:26] White is more active.} (39. Bf2 $16) 39... h6 $14 40. Nh3 Re7 $2 {[%emt 0:00:00][%mdl 8192] A mistake that costs the game.} (40... Rb8 $11 {and Black stays safe.}) 41. d5 $18 Rg7 {[%emt 0:09:11] [#] Threatens to win with ...Bc5+.} 42. d6 Rc8 43. Rxb7 Qxa4 44. Rxg7+ Bxg7 45. Qb7 Rf8 46. Bh4 Be8 {[%emt 0:00:09] Prevents d7.} 47. Qe7 {[%emt 0:02:20] Black must now prevent Rb7.} Bd7 48. Bf6 {[%emt 0:00:45] White mates.} Rxf6 49. exf6 Bf8 50. Rb8 {[%emt 0:00:16] Weighted Error Value: White=0.15 (very precise) /Black=0.51} 1-0

[Event "2nd Serbia Open Masters 2022"]
[Site "Novi Sad"]
[Date "2022.06.28"]
[Round "1.28"]
[White "Pajcin, Lav"]
[Black "Santiago, Yago De Moura"]
[Result "0-1"]
[ECO "C10"]
[WhiteElo "2262"]
[BlackElo "2498"]
[Annotator "TA"]
[PlyCount "120"]
[EventDate "2022.06.28"]
[EventType "swiss"]
[EventCountry "SRB"]
[SourceTitle "playchess.com"]
[Source "ChessBase"]
[SourceQuality "1"]
[TimeControl "40/5400+30:900+30"]

1. e4 e6 2. d4 d5 3. Nc3 a6 4. Bd3 c5 5. dxc5 Bxc5 6. exd5 {[%emt 0:01:07] C10: French with 3 Nc3: Unusual Black 3rd moves and 3...dxe4.} exd5 {[%emt 0:00:09] [#]} (6... Qf6 $2 7. Nf3 Qd8 8. Qe2 $18) 7. Nxd5 $1 Bxf2+ (7... Qxd5 $2 8. Bb5+ $1 Qc6 9. Bxc6+ $18) 8. Kxf2 {[%emt 0:00:04] White is slightly better.} ({Don't blunder} 8. Kf1 $2 Bxg1 9. c4 Bc5 $19) 8... Qxd5 9. Nf3 Nf6 10. Re1+ Be6 11. h3 {[%emt 0:03:28] [#]} Nc6 $146 ({Predecessor:} 11... O-O 12. c4 Qd8 13. Be3 Nbd7 14. Qc2 h6 15. b4 Qc7 16. Kg1 Rac8 17. Rac1 Nh5 {1-0 (42) Heinemann,J (2224)-Krpovic,N (2098) Reykjavik 2015}) 12. c4 Qh5 13. Ng5 Qh4+ 14. g3 Qd4+ 15. Be3 Qxb2+ 16. Re2 Qa3 17. Nxe6 fxe6 18. Qb3 Qxb3 19. axb3 O-O-O 20. Rd2 Nd4 21. Rad1 (21. Ra3 $15) 21... Rhf8 (21... Nxb3 $142 22. Rb2 Nd4) 22. Kg2 $17 Nxb3 {[%emt 0:00:33] Pair of Knights!} 23. Rb2 Nd4 24. g4 {[%emt 0:03:14] [#]} (24. Bxh7 $1 $15 Nf5 25. Rxd8+ Rxd8 26. Bg5) 24... Nc6 $1 $19 25. Rbd2 Ne5 26. Be2 Rxd2 27. Rxd2 Ne4 {[%emt 0:02:09] Inhibits Rd6.} 28. Rd4 Nc3 29. Bf1 Nf3 30. Rf4 Rxf4 31. Bxf4 {[%emt 0:00:10][%mdl 4096] Endgame KBB-KNN} Nh4+ 32. Kf2 Ng6 {[%emt 0:00:16] Prevents Be5.} 33. Bh2 (33. Bc1 $142) 33... Ne4+ 34. Ke3 {[%emt 0:00:06] [#]} Nc5 35. Bg3 e5 36. Be1 Kc7 37. h4 Nf4 {[%emt 0:00:45] Prevents Bg2.} 38. Bc3 Kd6 39. Ba5 Kc6 40. Bc3 Kd6 41. Ba5 $1 Nd7 42. Bb4+ Ke6 43. Ba3 b6 44. Ke4 $2 (44. h5) 44... Nc5+ 45. Ke3 a5 {[%emt 0:00:04][%cal Ba6a5,Ba5a4][%mdl 32] aiming for ...g6.} 46. Bb2 $2 (46. h5) 46... g6 47. Ba3 h5 48. gxh5 gxh5 49. Bc1 Kf5 50. Bb2 a4 51. Ba3 Nb3 52. Bb4 Nc5 53. Ba3 Kg4 {[%emt 0:00:17] Black is clearly winning.} 54. Bb2 Ng6 55. Be2+ Kxh4 56. Bd1 Kg5 {[%emt 0:01:20] ...h4 is the strong threat.} 57. Bc1 h4 58. Kf2+ Kf5 59. Bc2+ e4 {[%emt 0:00:14] White must now prevent ...Nd3+.} 60. Ba3 Ne5 {[%emt 0:00:13] Weighted Error Value: White=0.32/Black=0.13 (very precise)} 0-1